 Dungeon Crawl Stone Soup version 0.28.0-1-gb440e238dd (webtiles) character file.

Game seed: 4285374030117322971

104 Ablot the Grasshopper (level 4, -1/38 HPs)
             Began as a Gnoll Warper on Feb 24, 2022.
             Slain by an adder (3 damage)
             ... on level 2 of the Dungeon.
             The game lasted 00:01:51 (1644 turns).

Ablot the Grasshopper (Gnoll Warper)                Turns: 1644, Time: 00:01:52

Health: -1/38      AC:  3    Str: 12    XL:     4   Next: 80%
Magic:  11/11      EV: 13    Int: 12    God:
Gold:   18         SH:  0    Dex: 12    Spells: 11/13 levels left

rFire   . . .      SeeInvis .   l - +1 long sword (flame)
rCold   . . .      Faith    .   (no shield)
rNeg    . . .      Spirit   .   b - +0 leather armour
rPois   .          Reflect  .   (no helmet)
rElec   .          Harm     .   (no cloak)
rCorr   .          Rampage  .   (no gloves)
Will    .....                   (no boots)
Stlth   +.........              (no amulet)
HPRegen 0.12/turn               (no ring)
MPRegen 0.12/turn               (no ring)

@: no status effects
A: fangs 1, strong nose, distributed training
a: no special abilities


You were on level 2 of the Dungeon.
You visited 1 branch of the dungeon, and saw 2 of its levels.

You collected 18 gold pieces.

Inventory:

Hand Weapons
 a - a +0 spear
 l - a +1 long sword of flaming (weapon)
Missiles
 d - 5 boomerangs of dispersal (quivered)
 e - 70 stones
 f - 18 sling bullets
 g - 7 poisoned darts
 h - 18 bolts
Armour
 b - a +0 leather armour (worn)
Jewellery
 o - a ring of ice
Scrolls
 c - a scroll of blinking
 i - 2 scrolls of noise {unknown}
 j - a scroll of identify {unknown}
 p - a scroll of teleportation {unknown}
 q - a scroll of vulnerability {unknown}
 r - a scroll of holy word {unknown}
Potions
 k - a potion of curing {unknown}
 m - a potion of heal wounds {unknown}
 n - 2 potions of might {unknown}


   Skills:
 + Level 4.7 Fighting
 + Level 1.2 Short Blades
 + Level 1.2 Long Blades
 + Level 1.2 Axes
 + Level 1.2 Maces & Flails
 + Level 4.7 Polearms
 + Level 1.2 Staves
 + Level 1.2 Slings
 + Level 1.2 Bows
 + Level 1.2 Crossbows
 + Level 2.8 Throwing
 + Level 2.8 Armour
 + Level 4.7 Dodging
 + Level 1.2 Stealth
 + Level 1.2 Shields
 + Level 1.2 Unarmed Combat
 + Level 5.1 Spellcasting
 + Level 1.0 Conjurations
 + Level 1.0 Hexes
 + Level 1.0 Summonings
 + Level 1.0 Necromancy
 + Level 5.5 Translocations
 + Level 1.0 Transmutations
 + Level 1.0 Fire Magic
 + Level 1.0 Ice Magic
 + Level 1.0 Air Magic
 + Level 1.0 Earth Magic
 + Level 1.0 Poison Magic
 + Level 1.3 Invocations
 + Level 1.2 Evocations


You had 11 spell levels left.
You knew the following spells:

 Your Spells              Type           Power      Damage    Failure   Level
a - Blink                 Tloc           32%        N/A       4%          2

Your spell library contained the following spells:

 Spells                   Type           Power      Damage    Failure   Level
 Gell's Gravitas          Tloc           16%        N/A       8%          3
 Lesser Beckoning         Tloc           16%        N/A       8%          3
 Teleport Other           Tloc           16%        N/A       8%          3
 Manifold Assault         Tloc           16%        N/A       58%         5


Dungeon Overview and Level Annotations

Branches:
Dungeon (2/15)

Altars:

Annotations:
D:2 Terence


Innate Abilities, Weirdness & Mutations

You have very sharp teeth.
Your uncanny sense of smell can sniff out nearby items.
Your experience applies equally to all skills.


Message History

Terence hits you with a +0 falchion.
* * * LOW HITPOINT WARNING * * *
Terence barely misses you.
Unknown command.
Casting: Blink (safe; 4% risk of failure)
Confirm with . or Enter, or press ? or * to list all spells.
You blink.
You feel stable enough to blink again.
A jackal comes into view.
A jackal comes into view.
The jackal barks! x2; You hear a shout!
You hear an angry hiss. x2
You hear a shout!
A goblin comes into view. It is wielding a +0 club.
An adder comes into view.
A rat and a kobold come into view.
The adder closely misses you. The goblin closely misses you.
A goblin and a ball python come into view.
The goblin misses you. The adder bites you but does no damage.
The goblin hits you with a +0 club.
* * * LOW HITPOINT WARNING * * *
The kobold hits you but does no damage. The kobold hits you but does no damage.
The adder closely misses you.
A rat comes into view.
The kobold closely misses you.
The ball python hisses angrily.
Found a short sword.
The adder barely misses you. The adder barely misses you.
You see here a +0 short sword.
You closely miss the adder. The adder completely misses you.
The adder bites you but does no damage.
You closely miss the adder. The adder bites you but does no damage.
The adder barely misses you.
You slash the adder! You burn the adder.
The adder is almost dead.
The adder bites you but does no damage. The adder bites you.
* * * LOW HITPOINT WARNING * * *
Unknown command.
The jackal closely misses you. The adder bites you.
You die...

#..# #..# # #.## #
#..# #..# .# .##
#.# ###..###..##.#
..# #.#
....#........##...
#.#
@#.###.........#.#
..#######.#
....#.............
..........#
.###.##..#####.#.#
########..# .#
#.##..# # #.#
#####..##. ## #
##.g# #.#@#
#....)....
##.##..#####.#S#
#.###..##.
......KrK.#....h#
#.# #..#
###.##..#g#.###r#
#.# #..... #
#..#.h.# #S# #.#
#.##..
#..###.###)# #.#
#.##..
....h..S..hg# #.#
#.....
##..######### #.#
###..# #..# #.#
#..#


You could see an adder, 2 jackals, a goblin, a ball python and a rat.

Vanquished Creatures
  Natasha (D:2)
  3 adders (D:2)
  2 dart slugs (D:1)
  3 endoplasms (D:1)
  4 giant cockroaches
  5 goblins
  4 hobgoblins
  2 jackals (D:1)
  2 quokkas (D:1)
  5 ball pythons
  6 bats
  2 frilled lizards (D:1)
  4 kobolds
  4 rats
47 creatures vanquished.

Notes
Turn   | Place    | Note
-------+----------+-------------------------------------------
     0 | D:1      | Ablot the Gnoll Warper began the quest for the Orb.
     0 | D:1      | Reached XP level 1. HP: 20/20 MP: 6/6
   216 | D:1      | Reached XP level 2. HP: 26/26 MP: 7/7
   219 | D:1      | Learned a level 2 spell: Blink
   582 | D:1      | Reached XP level 3. HP: 29/31 MP: 9/9
   616 | D:1      | Reached skill level 5 in Spellcasting
   832 | D:1      | Reached skill level 1 in Invocations
   885 | D:1      | Found a faded altar of an unknown god.
  1290 | D:2      | Reached skill level 1 in Short Blades
  1290 | D:2      | Reached skill level 1 in Long Blades
  1290 | D:2      | Reached skill level 1 in Axes
  1290 | D:2      | Reached skill level 1 in Maces & Flails
  1290 | D:2      | Reached skill level 1 in Staves
  1290 | D:2      | Reached skill level 1 in Slings
  1290 | D:2      | Reached skill level 1 in Bows
  1290 | D:2      | Reached skill level 1 in Crossbows
  1290 | D:2      | Reached skill level 1 in Stealth
  1290 | D:2      | Reached skill level 1 in Shields
  1290 | D:2      | Reached skill level 1 in Unarmed Combat
  1290 | D:2      | Reached skill level 1 in Evocations
  1330 | D:2      | Noticed Natasha
  1331 | D:2      | Reached XP level 4. HP: 30/38 MP: 11/11
  1338 | D:2      | Killed Natasha
  1339 | D:2      | Reached skill level 1 in Conjurations
  1339 | D:2      | Reached skill level 1 in Hexes
  1339 | D:2      | Reached skill level 1 in Summonings
  1339 | D:2      | Reached skill level 1 in Necromancy
  1339 | D:2      | Reached skill level 1 in Transmutations
  1339 | D:2      | Reached skill level 1 in Fire Magic
  1339 | D:2      | Reached skill level 1 in Ice Magic
  1339 | D:2      | Reached skill level 1 in Air Magic
  1339 | D:2      | Reached skill level 1 in Earth Magic
  1339 | D:2      | Reached skill level 1 in Poison Magic
  1594 | D:2      | Noticed Terence
  1641 | D:2      | HP: 1/38 [adder (3)]
  1644 | D:2      | Slain by an adder

Illustrated notes

Levels and vault maps discovered:
D:1:      evilmike_arrival_crescent, layout_basic,
          shapermc_ecumenical_altar_pompeii, roderic_lattice_a,
          minmay_tromino_mix6
D:2:      layout_loops_ring, uniq_natasha, uniq_terence

Skill      XL: |  1  2  3  4 |
---------------+-------------+-----
Spellcasting   | 5 |  5.1
Invocations    | 1 |  1.3
Short Blades   | 1 |  1.2
Long Blades    | 1 |  1.2
Axes           | 1 |  1.2
Maces & Flails | 1 |  1.2
Staves         | 1 |  1.2
Slings         | 1 |  1.2
Bows           | 1 |  1.2
Crossbows      | 1 |  1.2
Stealth        | 1 |  1.2
Shields        | 1 |  1.2
Unarmed Combat | 1 |  1.2
Evocations     | 1 |  1.2
Conjurations   | 1 |  1.0
Hexes          | 1 |  1.0
Summonings     | 1 |  1.0
Necromancy     | 1 |  1.0
Transmutations | 1 |  1.0
Fire Magic     | 1 |  1.0
Ice Magic      | 1 |  1.0
Air Magic      | 1 |  1.0
Earth Magic    | 1 |  1.0
Poison Magic   | 1 |  1.0
Fighting       | |  4.7
Polearms       | |  4.7
Throwing       | |  2.8
Armour         | |  2.8
Dodging        | |  4.7
Translocations | |  5.5

Action                   |  1- 3 |  4- 6 || total
-------------------------+-------+-------++-------
Melee: Spear             |    49 |       ||    49
       Bite              |     3 |     1 ||     4
       Long sword        |    39 |    38 ||    77
       Punch             |     1 |       ||     1
 Cast: Blink             |       |     1 ||     1
 Stab: Sleeping          |       |     1 ||     1
Armor: Leather armour    |    21 |    11 ||    32
Dodge: Dodged            |    51 |    40 ||    91
